Map: 暮色之塔

Players

IIIIIIIIIIII

  • Race: Terran Terran
  • League: Grandmaster

IIIIIIIIIIII - Winner!

  • Race: Protoss Protoss
  • League: Grandmaster

VOD

Have the link to the VOD?

Description

Time

  • Played on: May 18, 2016, 9:40 p.m.
  • Length: 7:10
Show
View Real Time Build Order
Export as new Build Order

IIIIIIIIIIII Terran 

Build Orders: Command Center First (CC), MMM Bio 

Get SALT Encoding   

  12  0:01  SCV  
  13  0:13  SCV  
  14  0:19  Supply Depot  
  14  0:25  SCV  
  15  0:41  SCV  
  16  0:53  SCV  
  17  1:00  Command Center  
  17  1:05  SCV  
  18  1:15  Barracks  
  18  1:18  SCV  
  19  1:30  SCV  
  20  1:38  Barracks  
  20  1:42  SCV  
  21  1:49  Barracks  
  21  1:55  SCV  
  22  2:02  Marine  
  23  2:09  Supply Depot  
  23  2:11  Orbital Command  
  23  2:20  Orbital Command  
  23  2:28  Marine  
  24  2:30  Marine  
  24  2:36  Refinery  
  25  2:40  Marine, Refinery  
  25  2:43  SCV  
  27  2:47  Marine  
  27  2:48  Marine  
  29  2:52  SCV  
  29  2:58  SCV  
  31  3:00  Marine  
  31  3:03  Refinery  
  32  3:06  Marine  
  32  3:09  Barracks Tech Lab  
  33  3:13  Supply Depot, SCV  
  33  3:14  SCV  
  35  3:20  Marine  
  35  3:23  Marine  
  35  3:25  SCV  
  35  3:26  SCV  
  39  3:28  Stimpack  
  39  3:33  Marine  
  40  3:37  SCV  
  40  3:38  Marine, SCV  
  43  3:41  Marine  
  43  3:42  Factory  
  44  3:49  SCV  
  44  3:51  SCV  
  46  3:56  Barracks Tech Lab  
  46  4:01  SCV  
  47  4:04  SCV  
  47  4:05  Supply Depot  
  47  4:06  Supply Depot  
  47  4:09  Engineering Bay, Barracks Reactor  
  48  4:14  Combat Shields, SCV  
  51  4:17  Marauder  
  51  4:21  SCV  
  52  4:25  Factory Reactor  
  52  4:28  Starport  
  52  4:34  SCV x2  
  52  4:35  Barracks  
  54  4:39  Terran Infantry Weapons Level 1  
  54  4:43  Marauder  
  57  4:45  Marauder  
  57  4:47  Marine x2  
  57  4:52  Bunker  
  59  4:58  SCV  
  59  4:59  Supply Depot, SCV  
  61  5:06  Marauder  
  65  5:07  Marauder  
  65  5:15  Missile Turret  
  65  5:16  Bunker  
  65  5:24  Barracks Reactor  
  65  5:25  Marine, Medivac x2  
  65  5:26  Marine  
  71  5:30  Marine x2  
  71  5:31  Supply Depot  
  71  5:33  Widow Mine  
  75  5:36  Concussive Shells  
  75  5:38  SCV  
  75  5:39  SCV  
  75  5:42  Supply Depot  
  77  5:44  Supply Depot  
  77  5:50  Marine  
  77  5:51  Missile Turret  
  77  5:52  Marine x2  
  80  5:57  Marauder  
  80  5:58  Medivac  
  80  5:59  Medivac  
  86  6:06  Widow Mine  
  81  6:11  Marine x3  
  81  6:13  Supply Depot  
  84  6:22  Marine x2  
  84  6:25  Marine  
  69  6:29  Marine  
  61  6:37  Marine x2  
  59  6:40  Marine  
  59  6:41  Marine  
  59  6:43  Marine  
  60  6:47  Marine  
Show
View Real Time Build Order
Export as new Build Order

IIIIIIIIIIII Protoss - Winner!

Build Orders: 1 Gate Expand 

Get SALT Encoding   

  12  0:01  Probe (Chrono Boost)  
  13  0:12  Probe (Chrono Boost)  
  14  0:17  Pylon  
  14  0:22  Probe (Chrono Boost)  
  15  0:36  Probe (Chrono Boost)  
  15  0:38  Gateway  
  15  0:42  Assimilator  
  16  0:46  Probe (Chrono Boost)  
  18  0:57  Probe (Chrono Boost)  
  18  1:07  Probe (Chrono Boost)  
  19  1:20  Nexus  
  19  1:33  Probe (Chrono Boost)  
  19  1:34  Cybernetics Core  
  20  1:42  Assimilator  
  20  1:45  Probe (Chrono Boost)  
  21  1:53  Pylon  
  21  1:55  Probe (Chrono Boost)  
  22  2:06  Probe (Chrono Boost)  
  23  2:13  Warp Gate  
  25  2:16  Stalker (Chrono Boost)  
  25  2:20  Probe  
  26  2:30  Probe  
  26  2:32  Twilight Council  
  26  2:33  Probe (Chrono Boost)  
  28  2:42  Probe (Chrono Boost)  
  29  2:45  Probe (Chrono Boost)  
  30  2:53  Probe (Chrono Boost)  
  30  2:55  Probe (Chrono Boost)  
  30  2:56  Robotics Facility  
  32  3:01  Resonating Glaives (Chrono Boost)  
  32  3:03  Probe (Chrono Boost)  
  32  3:04  Adept  
  35  3:06  Probe (Chrono Boost)  
  35  3:12  Probe  
  36  3:17  Probe  
  38  3:23  Probe  
  38  3:24  Pylon  
  39  3:29  Probe  
  39  3:32  Adept  
  39  3:33  Probe  
  43  3:42  Probe  
  43  3:44  Gateway  
  43  3:45  Gateway  
  43  3:48  Warp Prism (Chrono Boost)  
  46  3:55  Gateway  
  46  4:00  Gateway  
  46  4:13  Gateway  
  46  4:14  Gateway  
  46  4:19  Gateway  
  46  4:23  Adept  
  48  4:30  Observer (Chrono Boost)  
  49  4:33  Mothership Core  
  49  4:35  Pylon  
  49  4:37  Pylon  
  51  4:39  Pylon  
  51  5:03  Adept x5  
  61  5:08  Adept  
  61  5:09  Adept  
  61  5:14  Warp Prism  
  65  5:15  Adept  
  65  5:17  Pylon  
  65  5:18  Pylon  
  69  5:25  Adept x3  
  69  5:26  Adept  
  77  5:36  Adept x3  
  77  5:38  Adept  
  85  5:49  Pylon  
  81  6:04  Adept x6  
  81  6:07  Adept  
  81  6:08  Adept  
  87  6:27  Adept x2  
  87  6:28  Adept x4  
  95  6:40  Adept x2  
  95  6:46  Observer  
  97  6:48  Adept x3  
  97  6:57  Adept x2  
  99  7:02  Adept x2  
Tags
 
Add a new tag
Caveats
  • Supply blocks, unpowered buildings, or Contaminate may cause inaccurate times.
  • Supply counts are checked every 10 seconds.